 Dungeon Crawl Stone Soup version 0.30.0-29-ga12c61a403 (webtiles) character file.

Game seed: 983328896717726631

29852 Nicoed the Executioner (level 13, -10/166 HPs)
             Began as a Minotaur Fighter on June 22, 2023.
             Was a High Priest of Okawaru.
             Mangled by an orc knight
             ... wielding a +0 great sword
              (18 damage)
             ... on level 2 of the Orcish Mines.
             The game lasted 00:25:42 (12770 turns).

Nicoed the Executioner (Minotaur Fighter)          Turns: 12770, Time: 00:25:43

Health: -10/166    AC: 30    Str: 26    XL:     13   Next: 17%
Magic:  0/17       EV:  2    Int:  5    God:    Okawaru [*****.]
Gold:   1174       SH:  0    Dex: 10    Spells: 12/12 levels left

rFire   . . .        U - +1 executioner's axe (elec)
rCold   . . .        (shield currently unavailable)
rNeg    . . .        F - melded +0 plate armour
rPois   +            (helmet currently unavailable)
rElec   .            N - melded +0 cloak
rCorr   .            g - melded +0 pair of gloves
SInv    +            I - melded +2 pair of boots
Will    .....        o - amulet of guardian spirit
Stlth   +            e - ring of see invisible
HPRegen 0.47/turn    C - +4 ring of protection
MPRegen 0.15/turn

%: guardian spirit
@: tree-form
A: stationary, stasis, torment immunity, boosted hp, (horns 2), (retaliatory
headbutt)
a: Renounce Religion, Heroism, Finesse, Duel


You were on level 2 of the Orcish Mines.
You worshipped Okawaru.
Okawaru was extremely pleased with you.
You were a tree.
You visited 3 branches of the dungeon, and saw 15 of its levels.
You also visited: Sewer.

You collected 1601 gold pieces.
You spent 427 gold pieces at shops.

Inventory:

Hand Weapons
 a - a +0 war axe
 E - a +2 great sword of flaming
 U - a +1 executioner's axe of electrocution (weapon)
Armour
 c - a +0 buckler
 g - a +0 pair of gloves (melded)
 F - a +0 plate armour (melded)
 I - a +2 pair of boots (melded)
 N - a +0 cloak (melded)
 X - a +2 chain mail of fire resistance
Jewellery
 e - a ring of see invisible (left branch)
 i - a ring of fire
 k - a ring of flight
 n - an amulet of the acrobat
 o - an amulet of guardian spirit (around neck)
 t - a ring of positive energy
 C - a +4 ring of protection (right branch)
 V - a ring of wizardry
Wands
 H - a wand of digging (4)
 T - a wand of polymorph (2)
Scrolls
 h - 2 scrolls of fog
 m - 6 scrolls of torment
 p - 7 scrolls of teleportation
 u - 4 scrolls of amnesia {unknown}
 v - a scroll of noise {unknown}
 w - a scroll of fear {unknown}
 y - a scroll of vulnerability {unknown}
 A - 2 scrolls of blinking {unknown}
 D - 3 scrolls of poison {unknown}
 G - 2 scrolls of enchant armour
 K - a scroll of magic mapping
 O - a scroll of immolation
 Q - a scroll of butterflies
Potions
 b - a potion of attraction
 f - a potion of curing
 j - 3 potions of magic
 q - 2 potions of degeneration
 r - 2 potions of flight
 s - a potion of ambrosia
 x - a potion of cancellation
 z - 2 potions of resistance
 B - 2 potions of haste
 J - 3 potions of lignification
 S - a potion of brilliance
 W - a potion of mutation


   Skills:
 + Level 9.1 Fighting
 * Level 22.0 Axes
 + Level 9.1 Armour
 - Level 4.0 Shields
 + Level 6.6 Invocations


You had 12 spell levels left.
You didn't know any spells.
Your spell library contained the following spells:

 Spells                   Type           Power      Damage    Failure   Level
 Magic Dart               Conj           0%         1d3       47%         1
 Sting                    Tmut/Pois      0%         1d3       47%         1
 Blink                    Tloc           0%         N/A       63%         2
 Poisonous Vapours        Pois/Air       0%         N/A       63%         2
 Searing Ray              Conj           0%         2d4       63%         2
 Sublimation of Blood     Necr           0%         N/A       63%         2
 Wereblood                Tmut           0%         N/A       63%         2
 Dazzling Flash           Conj/Hex       0%         N/A       85%         3
 Volatile Blastmotes      Fire/Tloc      0%         2d10      85%         3
 Fulminant Prism          Conj/Hex       0%         3d5       99%         4
 Iskenderun's Mystic Bla  Conj/Tloc      0%         2d3       99%         4
 Manifold Assault         Tloc           0%         N/A       99%         4
 Olgreb's Toxic Radiance  Pois           0%         N/A       99%         4
 Dispersal                Tloc           0%         N/A       100%        6
 Starburst                Conj/Fire      0%         6d3       100%        6
 Storm Form               Tmut/Air       0%         N/A       100%        7
 Disjunction              Tloc           0%         N/A       100%        8
 Summon Hydra             Summ           Unusable   N/A       N/A         7

Dungeon Overview and Level Annotations

Branches:
Dungeon (12/15)            Temple (1/1) D:4            Lair (0/5) D:9
    Orc (2/2) D:12            Elf (0/3) Orc:2         Sewer (visited)

Altars:
Ashenzari
Cheibriados
Dithmenos
Elyvilon
Fedhas
Gozag
Hepliaklqana
Kikubaaqudgha
Makhleb
Nemelex Xobeh
Okawaru
Qazlal
Ru
Sif Muna
Trog
Uskayaw
Vehumet
Wu Jian
Xom
Yredelemnul
Zin
The Shining One

Shops:
D:2 ?   D:5 (   D:8 ?   D:9 [   D:12 !   Orc:2 *=(

Portals:
Abyss: D:5

Annotations:
Orc:2 Donald


Innate Abilities, Weirdness & Mutations

You are a tree.
Your roots penetrate the ground, keeping you stationary.
You cannot be teleported.
You are immune to unholy pain and torment.
Your maximum health is greatly increased.
Your equipment is partially melded.
((You have a pair of horns on your head.))
((You reflexively headbutt those who attack you in melee.))


Message History

The orc knight hits you with a +0 great sword!
* * * LOW HITPOINT WARNING * * *
Unknown command.
You feel better. The orc hits you but does no damage.
The orc knight hits you with a +0 great sword.
* * * LOW HITPOINT WARNING * * *
The orc warrior shoots a bolt.
The bolt completely misses you.
The orc knight hits you with a +0 great sword!
* * * LOW HITPOINT WARNING * * *
The orc hits you but does no damage.
You feel better. The orc hits you but does no damage.
The orc knight roars a battlecry!
The orcs go into a battle-frenzy!
Unknown command.
This is a scroll of acquirement!
You see here a manual of Armour.
Something appears at your feet! The orc hits you with a +0 war axe!
* * * LOW HITPOINT WARNING * * *
The orc knight barely misses you. You furiously retaliate!
You headbutt the orc knight!
The orc warrior unwields a +0 arbalest.
The orc warrior wields a +0 battleaxe.
The orc warrior hits you with a +0 battleaxe.
* * * LOW HITPOINT WARNING * * *
The orc knight hits you with a +0 great sword!
* * * LOW HITPOINT WARNING * * *
The orc hits you but does no damage.
Unknown command.
Unknown command.
Really quaff the potion of lignification?
You turn into a tree.
Your +0 cloak melds into your body.
Your +0 pair of gloves melds into your body.
Your +2 pair of boots melds into your body.
Your +0 plate armour melds into your body.
Your roots penetrate the ground.
You feel yourself speed up.
The orc warrior hits you with a +0 battleaxe.
* * * LOW HITPOINT WARNING * * *
The orc hits you but does no damage.
The orc knight hits you with a +0 great sword!!
You die...

#.....#.......P ...............
..#........... .........∩...
..... . #.........8. ..... . ...
.§§§§§....P ...... .
.....#§§o§..... ...... .
#....§§♣o§..... #.....##
.....§§§oP.............#
.....§§§§§§.............
..........(.............
........................ .... ..#
........................ .... ..
#........#...............
...##.##.........................
...#.#.......... ...........)...


You could see an orc knight, an orc warrior (strong) and an orc (strong).

Vanquished Creatures
  Rupert (Orc:2)
  An orc warlord (Orc:2)
  The ghost of grothendieck the Frost Mage, a journeyman GnWn of Cheibriados (D:11)
  2 ettins
  A hydra (D:12)
  Erica (D:8)
  An ogre mage (Orc:2)
  4 two-headed ogres
  2 orc high priests (Orc:2)
  3 orc knights
  2 deep elf pyromancers (D:12)
  3 orc sorcerers
  2 ugly things (D:11)
  2 cyclopes (D:12)
  2 manticores
  An unseen horror (D:12)
  A kobold demonologist (D:11)
  7 trolls
  A hornet (D:9)
  Grinder (D:6)
  The ghost of FishyPogo the Insei, an amateur GnTm (D:4)
  6 slime creatures (D:12)
  2 shadows (D:11)
  2 wraiths
  3 wyverns (D:9)
  2 basilisks (D:9)
  A yak (D:9)
  A vampire (D:11)
  Menkaure (D:7)
  2 small abominations (D:5)
  2 steam dragons
  3 wargs
  2 acid dragons
  5 water moccasins
  Duvessa (D:5)
  The ghost of lasso the Magician, an amateur DEFE of Hepliaklqana (D:5)
  23 orc warriors
  An ice beast (D:5)
  4 black bears
  12 ogres
  4 wolves (D:9)
  2 centaurs
  5 kobold brigands
  3 bullfrogs
  3 gnoll sergeants (D:12)
  4 scorpions
  7 wights
  Dowan (D:5)
  16 killer bees
  7 howler monkeys
  A hound (D:8)
  A jelly (D:5)
  7 orc priests
  2 gnoll boudas
  4 iguanas
  14 orc wizards
  Robin (D:3)
  4 adders
  20 gnolls
  A hound simulacrum (D:4)
  A river rat (D:6)
  2 shadow imps
  3 white imps
  2 ufetubi (D:5)
  2 worms
  2 adder simulacra (D:4)
  36 orcs
  6 ball pythons
  7 bats
  5 endoplasms
  4 giant cockroaches
  5 hobgoblins
  6 jackals
  28 kobolds
  6 quokkas
  3 frilled lizards
  11 goblins
  A quokka simulacrum (D:4)
  4 rats
355 creatures vanquished.

Vanquished Creatures (others)
  A wizard (D:7)
  An orc wizard (D:9)
2 creatures vanquished.

Grand Total: 357 creatures vanquished

Notes
Turn   | Place    | Note
-------+----------+-------------------------------------------
     0 | D:1      | Nicoed the Minotaur Fighter began the quest for the Orb.
     0 | D:1      | Reached XP level 1. HP: 19/19 MP: 0/0
   250 | D:1      | Reached XP level 2. HP: 27/27 MP: 1/1
   289 | D:1      | Reached skill level 3 in Axes
   767 | D:2      | Reached XP level 3. HP: 32/33 MP: 2/2
   774 | D:2      | Found Caahauri's Magic Scroll Boutique.
   786 | D:2      | Bought a scroll of magic mapping for 82 gold pieces
  1296 | D:3      | Noticed Robin
  1307 | D:3      | Killed Robin
  1308 | D:3      | Reached skill level 4 in Axes
  1329 | D:3      | Found a faded altar of an unknown god.
  1329 | D:3      | Noticed a ynoxinul
  1474 | D:3      | Reached XP level 4. HP: 40/40 MP: 3/3
  1926 | D:4      | Found a staircase to the Ecumenical Temple.
  1933 | D:4      | Noticed a scorpion
  1938 | Temple   | Entered the Ecumenical Temple
  2078 | Temple   | Became a worshipper of Warmaster Okawaru
  2103 | D:4      | Killed a scorpion
  2104 | D:4      | Reached skill level 5 in Axes
  2104 | D:4      | Reached XP level 5. HP: 27/46 MP: 4/4
  2255 | D:4      | Found a runed translucent gate.
  2256 | D:4      | Found a runed translucent gate.
  2256 | D:4      | Found a runed translucent gate.
  2330 | D:4      | Noticed FishyPogo's ghost (amateur GnTm)
  2894 | D:4      | Reached skill level 6 in Axes
  2902 | D:4      | Killed FishyPogo's ghost
  2902 | D:4      | Reached * piety under Okawaru
  2903 | D:4      | Reached skill level 7 in Axes
  2903 | D:4      | Reached XP level 6. HP: 46/52 MP: 2/5
  3005 | D:5      | Entered Level 5 of the Dungeon
  3022 | D:5      | Reached skill level 8 in Axes
  3116 | D:5      | Reached ** piety under Okawaru
  3193 | D:5      | Noticed an ice beast
  3211 | D:5      | Killed an ice beast
  3212 | D:5      | Reached skill level 9 in Axes
  3212 | D:5      | Reached XP level 7. HP: 50/59 MP: 2/6
  3354 | D:5      | Found Penuong's Weapon Emporium.
  3377 | D:5      | Reached skill level 10 in Axes
  3413 | D:5      | Found a one-way gate to the infinite horrors of the Abyss.
  3413 | D:5      | Noticed lasso's ghost (amateur DEFE)
  3413 | D:5      | Noticed a small abomination
  3438 | D:5      | Found a transporter.
  3510 | D:5      | Found a transporter.
  3569 | D:5      | Noticed Duvessa
  3570 | D:5      | Noticed Dowan
  3583 | D:5      | Killed Duvessa
  3584 | D:5      | Reached skill level 11 in Axes
  3584 | D:5      | Reached XP level 8. HP: 57/66 MP: 4/7
  3586 | D:5      | Killed Dowan
  3709 | D:5      | Killed lasso's ghost
  3710 | D:5      | Reached skill level 12 in Axes
  3945 | D:6      | Noticed Grinder
  3955 | D:6      | Killed Grinder
  3956 | D:6      | Reached skill level 13 in Axes
  4086 | D:6      | Reached *** piety under Okawaru
  4222 | D:6      | Found a glowing drain.
  4226 | Sewer    | Entered a sewer
  4288 | Sewer    | Reached XP level 9. HP: 41/71 MP: 5/8
  4697 | D:6      | Reached skill level 14 in Axes
  5229 | D:7      | Noticed Menkaure
  5246 | D:7      | Killed Menkaure
  5681 | D:7      | Found a bloodstained altar of Trog.
  5696 | D:7      | Noticed a wizard
  5699 | D:7      | Killed a wizard
  5897 | D:8      | Reached skill level 15 in Axes
  5932 | D:8      | Noticed a troll
  5937 | D:8      | Killed a troll
  5958 | D:8      | Found Jysyet's Magic Scroll Boutique.
  6016 | D:8      | Bought a scroll of teleportation for 45 gold pieces
  6016 | D:8      | Bought a scroll of immolation for 60 gold pieces
  6016 | D:8      | Bought a scroll of enchant armour for 112 gold pieces
  6022 | D:8      | Noticed Erica
  6050 | D:8      | Killed Erica
  6050 | D:8      | Reached **** piety under Okawaru
  6051 | D:8      | Reached skill level 16 in Axes
  6334 | D:8      | Reached XP level 10. HP: 78/78 MP: 9/9
  6636 | D:9      | Reached skill level 17 in Axes
  6637 | D:9      | Received a gift from Okawaru
  6666 | D:9      | Found a staircase to the Lair.
  6877 | D:9      | Found Qelaaqam's Armour Emporium.
  6901 | D:9      | Reached skill level 18 in Axes
  7203 | D:9      | Noticed a two-headed ogre
  7210 | D:9      | Killed a two-headed ogre
  7211 | D:9      | Reached skill level 19 in Axes
  7807 | D:10     | Entered Level 10 of the Dungeon
  7933 | D:10     | Reached XP level 11. HP: 84/84 MP: 10/10
  8300 | D:10     | Reached ***** piety under Okawaru
  8576 | D:10     | Found a sparkling altar of Nemelex Xobeh.
  8679 | D:10     | Reached skill level 1 in Invocations
  8975 | D:11     | Found a runed translucent gate.
  8975 | D:11     | Found a runed translucent gate.
  8976 | D:11     | Found a runed translucent gate.
  8977 | D:11     | Noticed grothendieck's ghost (journeyman GnWn)
  9002 | D:11     | Killed grothendieck's ghost
  9003 | D:11     | Reached skill level 5 in Fighting
  9003 | D:11     | Reached skill level 5 in Armour
  9090 | D:11     | Noticed a green ugly thing
  9099 | D:11     | Killed a green ugly thing
  9100 | D:11     | Reached skill level 20 in Axes
  9154 | D:11     | Noticed a brown ugly thing
  9179 | D:11     | Killed a brown ugly thing
  9677 | D:12     | Noticed a four-headed hydra
  9689 | D:12     | Killed a one-headed hydra
  9749 | D:12     | Noticed a deep elf pyromancer
  9762 | D:12     | Killed a deep elf pyromancer
  9824 | D:12     | Noticed a deep elf pyromancer
  9845 | D:12     | Killed a deep elf pyromancer
 10019 | D:12     | Identified the +1 trident of Grace {flame, rC+}
 10055 | D:12     | Reached XP level 12. HP: 23/97 MP: 1/14
 10441 | D:12     | Received a gift from Okawaru
 10632 | D:12     | Found Ehuosagg's Distillery.
 10638 | D:12     | Bought a potion of mutation for 128 gold pieces
 10675 | D:12     | Noticed a two-headed ogre
 10681 | D:12     | Killed a two-headed ogre
 10743 | D:12     | Found a staircase to the Orcish Mines.
 11043 | Orc:1    | Entered Level 1 of the Orcish Mines
 11178 | Orc:2    | Entered Level 2 of the Orcish Mines
 11178 | Orc:2    | Noticed Rupert
 11193 | Orc:2    | Killed Rupert
 11194 | Orc:2    | Reached skill level 21 in Axes
 11194 | Orc:2    | Reached skill level 5 in Invocations
 11423 | Orc:2    | Found Hobreusa's Antique Weapon Boutique.
 11458 | Orc:1    | Noticed an ettin
 11469 | Orc:1    | Killed an ettin
 12097 | Orc:2    | Noticed an orc warlord
 12338 | Orc:2    | Killed an orc warlord
 12416 | Orc:2    | Noticed an ettin
 12422 | Orc:2    | Killed an ettin
 12532 | Orc:2    | Noticed an orc high priest
 12541 | Orc:2    | Killed an orc high priest
 12588 | Orc:2    | Found Qereas's Jewellery Shoppe.
 12590 | Orc:2    | Noticed a two-headed ogre
 12590 | Orc:2    | Noticed a two-headed ogre
 12591 | Orc:2    | Noticed an ogre mage
 12601 | Orc:2    | Killed a two-headed ogre
 12606 | Orc:2    | Killed an ogre mage
 12607 | Orc:2    | Reached XP level 13. HP: 90/110 MP: 6/16
 12609 | Orc:2    | Received a gift from Okawaru
 12681 | Orc:2    | Reached skill level 22 in Axes
 12696 | Orc:2    | Found a staircase to the Elven Halls.
 12756 | Orc:2    | Noticed Donald
 12763 | Orc:2    | Found Aconlamn's General Store.
 12769 | Orc:2    | Identified a scroll of acquirement
 12769 | Orc:2    | Acquired a manual of Armour
 12770 | Orc:2    | HP: 8/166 [orc warrior/+0 battleaxe (1)]
 12770 | Orc:2    | Mangled by an orc knight

Illustrated notes

Levels and vault maps discovered:
D:1:      dpeg_arrival_tiny_h, layout_basic
D:2:      layout_basic, serial_shops, nicolae_shop_just_a_little_nook,
          st_stairs_6, kennysheep_generic_room_16
D:3:      layout_loops_ring, dreamdust_ecumenical_altar_sealed_demon,
          bh_walls_and_bars, uniq_robin
D:4:      layout_loops_ring, minmay_temple_entry_statues_pillars,
          gammafunk_ghost_icy
D:5:      layout_basic, serial_shops, shop, gammafunk_ghost_abyssal_escape,
          uniq_duvessa
D:6:      layout_basic, gup_sewer_entry_spiral, uniq_grinder
D:7:      layout_gridville, trog_wizard, uniq_menkaure
D:8:      layout_cave_pools, serial_gnoll_camp, gnoll_camp_mini_basic,
          gnoll_camp_mini_doghouse, gnoll_camp_mini_shop, gnoll_camp_mini_hut,
          uniq_erica
D:9:      layout_basic, minmay_lair_entry_grove, serial_shops, shop
D:10:     layout_roguey, mainiacjoe_overflow_alcove_2
D:11:     layout_cross, gammafunk_ghost_spectres
D:12:     layout_irregular_city, kennysheep_orc_monster_closet_entryway,
          serial_shops, shop
Temple:   nicolae_temple_bog_church
Orc:1:    layout_caves
Orc:2:    grunt_orc_gardens, layout_caves, grunt_orc_garden, grunt_orc_garden,
          grunt_orc_garden, grunt_orc_garden, uniq_donald, uniq_rupert

Skill      XL: |  1  2  3  4  5  6  7  8  9 10 11 12 13 |
---------------+----------------------------------------+-----
Axes           | 3 4 5 7 9 11 13 16 19 20 21 22 | 22.0
Fighting       | 4 6 8 9 |  9.1
Shields        | 4 |  4.0
Armour         | 4 6 8 9 |  9.1
Invocations    | 4 6 |  6.6

Action                     |  1- 3 |  4- 6 |  7- 9 | 10-12 | 13-15 || total
---------------------------+-------+-------+-------+-------+-------++-------
  Melee: War axe           |    80 |    55 |   226 |   392 |       ||   753
         Headbutt          |     3 |     7 |    36 |   110 |     4 ||   160
         Scimitar          |       |       |       |     6 |       ||     6
         Executioner's axe |       |       |       |   130 |    35 ||   165
  Throw: Dart              |       |       |       |    10 |     2 ||    12
 Invoke: Heroism           |       |     1 |     6 |    18 |     1 ||    26
         Finesse           |       |       |       |     6 |       ||     6
  Evoke: Wand              |       |       |     2 |     8 |       ||    10
    Use: Scroll            |       |     5 |     4 |     4 |     3 ||    16
         Potion            |       |       |     3 |     6 |     5 ||    14
 Armour: Scale mail        |    41 |    17 |    12 |       |       ||    70
         Plate armour      |       |       |   104 |   348 |    25 ||   477
         Skin              |       |       |       |       |     1 ||     1
  Dodge: Dodged            |    49 |    29 |    55 |   183 |    14 ||   330
  Block: Buckler           |    14 |    12 |    36 |    89 |       ||   151
